 Dungeon Crawl Stone Soup version 0.24-a0-475-g5b41c6f (webtiles) character file.

Game seed: 3432939425204519549

166 Spazmo the Magician (level 5, -3/28 HPs)
             Began as a Deep Elf Fire Elementalist on July 5, 2019.
             Was an Initiate of Vehumet.
             Slain by a phantom (8 damage)
             ... on level 4 of the Dungeon.
             The game lasted 00:07:33 (2431 turns).

Spazmo the Magician (Deep Elf Fire Elementalist)    Turns: 2431, Time: 00:07:33

Health: -3/28      AC:  3    Str:  5    XL:     5   Next: 22%
Magic:  1/14       EV: 13    Int: 21    God:    Vehumet [......]
Gold:   138        SH:  0    Dex: 15    Spells: 3/13 levels left

rFire    . . .     SeeInvis .   h - +0 short sword (drain)
rCold    . . .     Gourm    .   (no shield)
rNeg     . . .     Faith    .   a - +0 robe
rPois    .         Spirit   .   (no helmet)
rElec    .         Reflect  .   g - +0 cloak
rCorr    .         Harm     .   (no gloves)
MR       .....                  (no boots)
Stlth    ++........             (no amulet)
HPRegen  0.09/turn              (no ring)
MPRegen  0.14/turn              (no ring)

@: no status effects
A: no striking features
a: Renounce Religion


You were on level 4 of the Dungeon.
You worshipped Vehumet.
Vehumet was noncommittal.
You were not hungry.

You visited 1 branch of the dungeon, and saw 4 of its levels.

You collected 138 gold pieces.

Inventory:

Hand Weapons
 h - a +0 short sword of draining (weapon)
Missiles
 b - 94 stones (quivered)
Armour
 a - a +0 robe (worn)
 g - a +0 cloak (worn)
Scrolls
 e - a scroll of remove curse
 o - a scroll of identify
Potions
 f - 2 potions of curing
 i - a potion of resistance {unknown}
 j - a potion of magic
 k - a potion of flight {unknown}
 l - a potion of agility
 m - a potion of heal wounds {unknown}
Comestibles
 c - 4 rations


   Skills:
 - Level 2.5 Dodging
 - Level 2.5 Stealth
 + Level 4.8 Spellcasting
 + Level 3.2 Conjurations
 + Level 4.5 Fire Magic


You had 3 spell levels left.
You knew the following spells:

 Your Spells              Type           Power        Failure   Level  Hunger
a - Flame Tongue          Conj/Fire      ###..        2%          1    None
b - Throw Flame           Conj/Fire      ###...       3%          2    None
c - Conjure Flame         Conj/Fire      ###.....     7%          3    ##.....
d - Sticky Flame          Conj/Fire      ###.....     22%         4    ####...

Your spell library contained the following spells:

 Spells                   Type           Power        Failure   Level  Hunger
 Inner Flame              Hex/Fire       ##......     13%         3    ##.....
 Fireball                 Conj/Fire      ###.......   52%         5    #####..


Dungeon Overview and Level Annotations

Branches:
Dungeon (4/15)
 Temple: D:4-7

Altars:
Cheibriados
Makhleb
Ru
Trog
Vehumet

Annotations:
D:3 3 runed translucent doors, Spazmo's ghost, amateur DEFE
D:4 Pikel


Message History

Aiming: Flame Tongue (safe; 2% risk of failure)
Press: ? - help, Shift-Dir - straight line, f/p - phantom
Aim: a phantom (severely damaged)
The flame tongue hits the phantom!
The phantom is almost destroyed.
The phantom blinks!
Casting: Flame Tongue (safe; 2% risk of failure)
Confirm with . or Enter, or press ? or * to list all spells.
Aiming: Flame Tongue (safe; 2% risk of failure)
Press: ? - help, Shift-Dir - straight line, f/p - phantom
Aim: a phantom (almost destroyed)
The flame tongue hits the phantom but does no damage.
The phantom is almost destroyed.
Casting: Flame Tongue (safe; 2% risk of failure)
Confirm with . or Enter, or press ? or * to list all spells.
Aiming: Flame Tongue (safe; 2% risk of failure)
Press: ? - help, Shift-Dir - straight line, f/p - phantom
Aim: a phantom (almost destroyed)
The flame tongue misses the phantom.
The phantom hits you!
You die...

#...#.### #........##
.#.... #.........#####
......
##......#......##......
##......#...............
.......##....##.........
..# #..#..##.####.......
..###.....##.....W......
...#.......#..##@.......
...>...##.....##......##
##.....####...........#
.####..# ...........###
## ####...........## #
#.##.......## #
#.##..###### # #.##.# #
#..


You could see a phantom.

Vanquished Creatures
  An orc wizard (D:2)
  A worker ant (D:3)
  2 adders (D:2)
  4 oozes
  3 worms (D:2)
  4 dart slugs
  A leopard gecko (D:1)
  4 orcs
  4 ball pythons
  7 bats
  4 giant cockroaches
  3 goblins
  7 hobgoblins
  2 quokkas
  5 frilled lizards
  7 kobolds
  6 rats
65 creatures vanquished.

Notes
Turn   | Place    | Note
-------+----------+-------------------------------------------
     0 | D:1      | Spazmo the Deep Elf Fire Elementalist began the quest for
                  | the Orb.
     0 | D:1      | Reached XP level 1. HP: 10/10 MP: 6/6
    87 | D:1      | Reached XP level 2. HP: 14/15 MP: 2/8
    91 | D:1      | Learned a level 2 spell: Throw Flame
   414 | D:1      | Reached XP level 3. HP: 19/19 MP: 5/10
   419 | D:1      | Learned a level 3 spell: Conjure Flame
   883 | D:2      | Reached XP level 4. HP: 24/24 MP: 4/12
   889 | D:2      | Learned a level 4 spell: Sticky Flame
  1121 | D:2      | Found a bloodstained altar of Trog.
  1124 | D:2      | Found a sacrificial altar of Ru.
  1277 | D:2      | Found a radiant altar of Vehumet.
  1278 | D:2      | Found a snail-covered altar of Cheibriados.
  1316 | D:2      | Found a burning altar of Makhleb.
  1896 | D:3      | Reached XP level 5. HP: 28/28 MP: 5/14
  1911 | D:2      | Became a worshipper of Vehumet
  2054 | D:3      | Found a runed translucent gate.
  2054 | D:3      | Found a runed translucent gate.
  2054 | D:3      | Found a runed translucent gate.
  2055 | D:3      | Noticed Spazmo's ghost (amateur DEFE)
  2211 | D:4      | Noticed Pikel
  2211 | D:4      | Noticed a slave
  2211 | D:4      | Noticed a slave
  2211 | D:4      | Noticed a slave
  2212 | D:4      | Noticed a slave
  2418 | D:4      | Noticed a phantom
  2431 | D:4      | Slain by a phantom

Levels and vault maps discovered:
D:1:      minmay_arrival_semitransparent, layout_rooms,
          ebering_dispersal_statue_hall, feat_on_display
D:2:      layout_rooms, nicolae_overflow_hidden_temple
D:3:      layout_loops_ring, ebering_ghost_rock_garden, nrook_mini_backslash
D:4:      layout_cave_pools, first_ration, gammafunk_ghost_smash,
          nicolae_underground_beach, uniq_pikel

Skill      XL: |  1  2  3  4 |
---------------+-------------+-----
Conjurations   | 2 3 |  3.2
Spellcasting   | 4 |  4.8
Fire Magic     | 4 |  4.5
Dodging        | |  2.5
Stealth        | |  2.5

Action                   |  1- 3 |  4- 6 || total
-------------------------+-------+-------++-------
Melee: Club              |     8 |       ||     8
Throw: Stone             |     2 |       ||     2
 Cast: Flame Tongue      |    79 |    59 ||   138
       Throw Flame       |       |     8 ||     8
  Use: Scroll            |     4 |     1 ||     5
       Potion            |       |     3 ||     3
  Eat: Chunk             |       |     4 ||     4
Armor: Robe              |    12 |     2 ||    14
Dodge: Dodged            |    50 |    13 ||    63

Table legend:
 A = Non-vault XP
 B = Vault XP
 C = Vault XP percentage of total XP
 D = Non-vault monster count
 E = Vault monster count
 F = Vault count percentage of total count
                 A         B        C        D         E       F
            +---------+---------+-------+---------+---------+-------
      Total |     238 |       0 |   0.0 |      65 |       0 |   0.0
            +---------+---------+-------+---------+---------+-------
        D:1 |      59 |       0 |   0.0 |      26 |       0 |   0.0
        D:2 |     114 |       0 |   0.0 |      24 |       0 |   0.0
        D:3 |      59 |       0 |   0.0 |      14 |       0 |   0.0
        D:4 |       6 |       0 |   0.0 |       1 |       0 |   0.0
            +---------+---------+-------+---------+---------+-------
